 Dungeon Crawl Stone Soup version 0.25.1-2-g60ff931df9 (webtiles) character file.

Game seed: 7586126420129697686

261 MajorAdolf the Skirmisher (level 6, -14/60 HPs)
             Began as a Naga Wanderer on Oct 6, 2020.
             Demolished by an ogre
             ... wielding a +0 giant club
              (20 damage)
             ... on level 4 of the Dungeon.
             The game lasted 00:05:42 (4360 turns).

MajorAdolf the Skirmisher (Naga Wanderer)           Turns: 4360, Time: 00:05:42

Health: -14/60     AC: 10    Str: 16    XL:     6   Next: 18%
Magic:  6/6        EV:  7    Int: 12    God:
Gold:   204        SH:  0    Dex: 11    Spells: 5/5 levels left

rFire    + . .     SeeInvis +   s - +0 war axe
rCold    . . .     Gourm    .   (no shield)
rNeg     + . .     Faith    .   u - +0 scale mail
rPois    +         Spirit   .   w - +0 helmet (curse)
rElec    .         Reflect  .   p - +0 cloak
rCorr    .         Harm     .   y - +2 pair of gloves
MR       .....                  (no barding)
Stlth    +.........             (no amulet)
HPRegen  0.20/turn              o - ring of positive energy
MPRegen  0.10/turn              n - ring of protection from fire

@: very slow
A: large, see invisible, deformed body, poison resistance, slowness 2, slow
metabolism 1, spit poison 1, AC +2
a: Spit Poison


You were on level 4 of the Dungeon.
You were very hungry.

You visited 1 branch of the dungeon, and saw 4 of its levels.

You collected 204 gold pieces.

Inventory:

Hand Weapons
 s - a +0 war axe (weapon)
Missiles
 c - 39 bolts
Armour
 e - a +0 robe
 p - a +0 cloak (worn)
 u - a +0 scale mail (worn)
 w - a cursed +0 helmet (worn)
 y - a +2 pair of gloves (worn)
Jewellery
 l - an uncursed ring of flight
 n - a ring of protection from fire (right hand)
 o - a ring of positive energy (left hand)
Wands
 a - a wand of digging (8)
 v - a wand of iceblast (10)
Scrolls
 d - 2 scrolls of teleportation
 j - a scroll of immolation {unknown}
 k - 4 scrolls of remove curse
 m - 3 scrolls of identify {unknown}
 q - a scroll of amnesia {unknown}
Potions
 h - 3 potions of heal wounds {unknown}
 i - 2 potions of lignification {unknown}
 r - a potion of might {unknown}
 t - a potion of degeneration {unknown}
 x - a potion of haste {unknown}
Comestibles
 g - 8 rations


   Skills:
 + Level 4.9 Fighting
 + Level 2.9(3.9) Axes
   Level 4.0(4.4) Maces & Flails
   Level 1.0 Crossbows
 + Level 2.4 Armour
 - Level 3.0 Stealth


You had 5 spell levels left.
You didn't know any spells.
Your spell library was empty.

Dungeon Overview and Level Annotations

Branches:
Dungeon (4/15)
 Temple: D:4-7

Altars:


Innate Abilities, Weirdness & Mutations

You cannot wear boots.
Your serpentine skin is tough. (AC +2)
You have supernaturally acute eyesight. (SInv)
Armour fits poorly on your strangely shaped body.
Your system is resistant to poisons. (rPois)
You cover ground very slowly.
You have a slow metabolism.
You can spit poison.


Message History

The ogre is severely wounded.
The ogre hits you with a +0 giant club!!
* * * LOW HITPOINT WARNING * * *
You can't do that yet.
Firing (i - inventory) No suitable missiles.
Press: ? - help, Shift-Dir - straight line, f/p - ogre
Aim: an ogre, wielding a +0 giant club (severely wounded)
Okay, then.
Okay, then.
Okay, then.
You barely miss the ogre.
The ogre is severely wounded.
You have got your breath back.
The ogre hits you with a +0 giant club!
* * * LOW HITPOINT WARNING * * *
Unknown command.
You completely miss the ogre.
The ogre is severely wounded.
The ogre hits you with a +0 giant club!!
You die...

.o ...###
..o...###
....o..o#
#o# #O#
#@# #.#
#.#####
#.....#
#####>#
##.#
##..#
####...##
+.......#


You could see an ogre and 2 orcs.

Vanquished Creatures
  Natasha (thrice) (D:2)
  Ijyb (D:3)
  Robin (D:3)
  4 gnolls (D:3)
  3 adders (D:2)
  A shadow imp (D:2)
  2 oozes (D:2)
  3 dart slugs
  2 leopard geckos (D:1)
  2 orcs (D:4)
  5 giant cockroaches
  11 goblins
  10 hobgoblins
  A quokka (D:2)
  2 ball pythons (D:3)
  5 bats
  4 frilled lizards
  6 kobolds
  A rat (D:2)
67 creatures vanquished.

Notes
Turn   | Place    | Note
-------+----------+-------------------------------------------
     0 | D:1      | MajorAdolf the Naga Wanderer began the quest for the Orb.
     0 | D:1      | MajorAdolf set off with the following items: a +2 mace, a
                  | +0 hand crossbow, 28 bolts, a scroll of teleportation, a +0
                  | robe, a +0 dagger, a ration
     0 | D:1      | Reached XP level 1. HP: 15/15 MP: 1/1
    49 | D:1      | Reached skill level 1 in Fighting
   191 | D:1      | Reached XP level 2. HP: 12/25 MP: 2/2
   893 | D:1      | Reached XP level 3. HP: 27/33 MP: 3/3
  1404 | D:2      | Reached XP level 4. HP: 32/42 MP: 4/4
  1515 | D:2      | Noticed Natasha
  1527 | D:2      | Killed Natasha
  1803 | D:2      | Noticed Natasha
  1915 | D:2      | Killed Natasha
  1917 | D:2      | Noticed Natasha
  2055 | D:2      | Killed Natasha
  2055 | D:2      | Reached XP level 5. HP: 46/51 MP: 5/5
  2926 | D:3      | Reached skill level 1 in Axes
  3125 | D:3      | Noticed Ijyb
  3173 | D:3      | Killed Ijyb
  3173 | D:3      | Reached XP level 6. HP: 5/60 MP: 6/6
  3571 | D:3      | Noticed Robin
  3637 | D:3      | Killed Robin
  3815 | D:3      | Found a faded altar of an unknown god.
  4360 | D:4      | Demolished by an ogre

Illustrated notes

Levels and vault maps discovered:
D:1:      dpeg_arrival_rhombi, layout_basic, nrook_loot_triangle
D:2:      layout_loops_ring, first_ration, serial_park_tiny_pond, uniq_natasha
D:3:      layout_basic, chequers_ecumenical_altar_twisty, uniq_ijyb, uniq_robin
D:4:      layout_loops_corners, nicolae_dithmenos_the_darkroom, temple_doors_cd,
          serial_shops, shop, uniq_blork_the_orc

Skill      XL: |  1  2  3  4  5 |
---------------+----------------+-----
Fighting       | 1 2 3 4 |  4.9
Axes           | 2 |  2.9
Maces & Flails | |  4.0
Crossbows      | |  1.0
Armour         | |  2.4
Stealth        | |  3.0

Action                   |  1- 3 |  4- 6 || total
-------------------------+-------+-------++-------
Melee: Mace              |    26 |    93 ||   119
       War axe           |       |    15 ||    15
 Fire: Hand crossbow     |    53 |    14 ||    67
 Abil: Spit Poison       |     1 |    21 ||    22
  Use: Scroll            |       |     2 ||     2
 Stab: Sleeping          |       |     1 ||     1
  Eat: Chunk             |       |     8 ||     8
Armor: Robe              |     6 |    34 ||    40
       Scale mail        |       |     6 ||     6
Dodge: Dodged            |    34 |    64 ||    98
